 Dungeon Crawl Stone Soup version 0.31-a0-435-g2c6fae2916 (webtiles) character file.

Game seed: 13064690521287445294

2475 randomguy2701 the Cleaver (level 9, -1/79 HPs)
             Began as a Minotaur Fighter on Aug 2, 2023.
             Killed from afar by a gargoyle (17 damage)
             ... with a stone arrow
             ... on level 7 of the Dungeon.
             The game lasted 00:06:44 (5306 turns).

randomguy2701 the Cleaver (Minotaur Fighter)        Turns: 5306, Time: 00:06:44

Health: -1/79      AC: 14    Str: 26    XL:     9   Next: 27%
Magic:  8/8        EV:  8    Int:  0    God:
Gold:   357        SH:  5    Dex: 15    Spells: 8/8 levels left

rFire   + . .        C - +4 hand axe
rCold   . . .        c - +0 buckler
rNeg    . . .        a - +1 plate armour "Iguetoit" {rF+ Will+ Int-5 Slay+6}
rPois   .            (helmet restricted)
rElec   .            (no cloak)
rCorr   .            (no gloves)
SInv    .            (no boots)
Will    +....        d - amulet of regeneration Stlth
                     y - +6 ring of strength
HPRegen 1.13/turn    (no ring)
MPRegen 0.11/turn

%: no passive effects
@: slowed, lost intelligence, unable to read, very slow
A: horns 2, retaliatory headbutt
a: no special abilities


You were on level 7 of the Dungeon.
You visited 2 branches of the dungeon, and saw 8 of its levels.

You collected 357 gold pieces.

Inventory:

Hand Weapons
 C - a +4 hand axe (weapon)
Armour
 a - the +1 plate armour "Iguetoit" (worn) {rF+ Will+ Int-5 Slay+6}
   (You found it on level 7 of the Dungeon)

   Int:       It affects your intelligence (-5).
   Slay:      It affects your accuracy & damage with ranged weapons and melee
   (+6).
   rF:        It protects you from fire.
   Will:      It increases your willpower.
 c - a +0 buckler (worn)
 B - a +0 plate armour
Jewellery
 d - an amulet of regeneration (around neck)
 o - a ring of protection from cold
 y - a +6 ring of strength (left hand)
Wands
 n - a wand of charming (12)
Scrolls
 e - 2 scrolls of silence {unknown}
 h - 6 scrolls of identify
 k - 7 scrolls of fog {unknown}
 l - 2 scrolls of poison {unknown}
 q - a scroll of immolation {unknown}
 r - a scroll of summoning {unknown}
 s - a scroll of noise {unknown}
 u - 2 scrolls of revelation {unknown}
 v - a scroll of vulnerability {unknown}
 w - 2 scrolls of amnesia {unknown}
 x - a scroll of enchant armour {unknown}
Potions
 f - 2 potions of curing
 g - a potion of ambrosia
 i - a potion of cancellation {unknown}
 j - a potion of degeneration
 m - a potion of haste
 p - a potion of mutation {unknown}
 t - 2 potions of resistance {unknown}
 z - a potion of enlightenment {unknown}
 A - a potion of lignification {unknown}


   Skills:
 + Level 7.2 Fighting
 + Level 10.1 Axes
 + Level 8.4 Armour
 + Level 2.9 Dodging
 + Level 1.3 Stealth
 + Level 5.2 Shields


You had 8 spell levels left.
You didn't know any spells.
Your spell library contained the following spells:

 Spells                   Type           Power      Damage    Failure   Level
 Apportation              Tloc           0%         N/A       100%        1
 Necrotise                Necr           0%         1d4       100%        1
 Summon Small Mammal      Summ           0%         N/A       100%        1
 Vhi's Electric Charge    Tloc/Air       0%         N/A       100%        3
 Arcjolt                  Conj/Air       0%         1d10      100%        5
 Plasma Beam              Fire/Air       0%         2x1d10    100%        6


Dungeon Overview and Level Annotations

Branches:
Dungeon (7/15)             Temple (1/1) D:5

Altars:
Ashenzari
Cheibriados
Dithmenos
Elyvilon
Fedhas
Gozag
Hepliaklqana
Kikubaaqudgha
Makhleb
Nemelex Xobeh
Qazlal
Ru
Sif Muna
Uskayaw
Vehumet
Wu Jian
Xom
Yredelemnul
Zin
The Shining One

Shops:
D:2 *   D:7 (


Innate Abilities, Weirdness & Mutations

You have a pair of horns on your head.
You reflexively headbutt those who attack you in melee.


Message History

You hit the wyvern. You block the wyvern's attack.
The boulder beetle leaps!
The wyvern bites you!
The gargoyle hurls a stone arrow at you.
The stone arrow hits you.
You closely miss the wyvern. You headbutt the wyvern.
The wyvern is heavily wounded.
You hit the gargoyle but do no damage.
The wyvern bites you but does no damage. x2
The gargoyle hits you with a +0 flail.
You slash the wyvern!
The wyvern is severely wounded.
You hit the gargoyle but do no damage. The wyvern bites you!
The boulder beetle leaps!
The gargoyle closely misses you. You block the wyvern's attack.
A hound comes into view.
You hit the wyvern but do no damage.
The wyvern is severely wounded.
You slash the gargoyle! You block the wyvern's attack.
You block the gargoyle's attack. The wyvern bites you.
You block the gargoyle's attack.
You slash the wyvern!
You kill the wyvern!
You slash the gargoyle! The gargoyle hits you with a +0 flail.
Your Axes skill increases to level 10!
You hit the boulder beetle.
The boulder beetle is moderately wounded.
You slash the gargoyle! The boulder beetle closely misses you.
You furiously retaliate!
You headbutt the boulder beetle! The gargoyle hits you with a +0 flail!
* * * LOW HITPOINT WARNING * * *
You barely miss the gargoyle.
You headbutt the gargoyle, but do no damage.
The gargoyle is almost destroyed.
You hit the boulder beetle but do no damage.
You completely miss the hound. The hound bites you.
* * * LOW HITPOINT WARNING * * *
The boulder beetle leaps!
The gargoyle hurls a stone arrow at you.
The stone arrow hits you!
You die...

#..### ####....#
###.###. .....##.##.#
#......
##...##.##.###.#...###
...............B.....
........###........###
.##.###..#...#........
.##.# ##.....#...9##
..∩.# ##....#..@○.##
.#### #.......#h..##
.# ##..###.#.†..# .#
#......#......... .#
#...#.....#...##. .#
#...#.###.#....# .#
....#. °.# ..... ##
#...... ... .#...
#...### [## #...


You could see a boulder beetle, a gargoyle and a hound.

Vanquished Creatures
  A hornet (D:7)
  Eustachio (D:5)
  A wyvern (D:7)
  3 water moccasins
  2 orc warriors (D:7)
  2 ice beasts
  2 ogres
  A kobold brigand (D:7)
  2 bullfrogs
  Blork the orc (D:5)
  4 scorpions
  A sleepcap (D:6)
  An orc priest (D:5)
  5 hounds
  A gnoll bouda (D:4)
  3 iguanas
  Ijyb (D:3)
  10 adders
  12 gnolls
  A shadow imp (D:5)
  A white imp (D:6)
  An ufetubus (D:4)
  A worm (D:4)
  2 dart slugs (D:1)
  20 orcs
  2 bats
  4 endoplasms
  2 giant cockroaches
  2 goblins (D:1)
  3 hobgoblins
  4 jackals (D:4)
  3 quokkas
  5 ball pythons
  3 frilled lizards
  10 kobolds
  3 rats
121 creatures vanquished.

Notes
Turn   | Place    | Note
-------+----------+-------------------------------------------
     0 | D:1      | randomguy2701 the Minotaur Fighter began the quest for the
                  | Orb.
     0 | D:1      | Reached XP level 1. HP: 19/19 MP: 0/0
   202 | D:1      | Reached XP level 2. HP: 24/27 MP: 1/1
   766 | D:2      | Reached skill level 3 in Axes
   766 | D:2      | Reached XP level 3. HP: 20/33 MP: 2/2
  1133 | D:2      | Reached skill level 4 in Axes
  1133 | D:2      | Reached XP level 4. HP: 34/40 MP: 3/3
  1405 | D:2      | Found Jingauxt's Assorted Antiques.
  1558 | D:3      | Noticed Ijyb
  1572 | D:3      | Killed Ijyb
  1573 | D:3      | Reached skill level 1 in Dodging
  1577 | D:3      | Reached XP level 5. HP: 39/46 MP: 4/4
  1622 | D:3      | Found a faded altar of an unknown god.
  2198 | D:4      | Reached skill level 5 in Armour
  2387 | D:4      | Reached skill level 5 in Axes
  2472 | D:4      | Noticed an ogre
  2609 | D:4      | Killed an ogre
  2610 | D:4      | Reached XP level 6. HP: 53/53 MP: 5/5
  2767 | D:4      | Reached skill level 6 in Axes
  2798 | D:4      | Noticed a water moccasin
  2802 | D:4      | Killed a water moccasin
  2803 | D:4      | Reached skill level 5 in Fighting
  2803 | D:4      | Reached XP level 7. HP: 56/61 MP: 6/6
  3121 | D:5      | Entered Level 5 of the Dungeon
  3132 | D:5      | Found a staircase to the Ecumenical Temple.
  3261 | Temple   | Entered the Ecumenical Temple
  3651 | D:5      | Noticed Blork the orc
  3659 | D:5      | Killed Blork the orc
  3660 | D:5      | Reached skill level 7 in Axes
  3826 | D:5      | Noticed Eustachio
  3846 | D:5      | Killed Eustachio
  3847 | D:5      | Reached XP level 8. HP: 69/69 MP: 7/7
  4014 | D:6      | Reached skill level 8 in Axes
  5035 | D:7      | Reached skill level 9 in Axes
  5088 | D:7      | Reached skill level 5 in Shields
  5117 | D:7      | Identified the +1 plate armour "Iguetoit" {rF+ Will+ Int-5
                  | Slay+6}
  5149 | D:7      | Lost intelligence.
  5220 | D:7      | Found Duetajom's Antique Weapon Emporium.
  5243 | D:7      | Reached XP level 9. HP: 64/79 MP: 8/8
  5292 | D:7      | Noticed a gargoyle
  5293 | D:7      | Noticed a boulder beetle
  5296 | D:7      | Reached skill level 1 in Stealth
  5305 | D:7      | Reached skill level 10 in Axes
  5306 | D:7      | Killed from afar by a gargoyle

Illustrated notes

Levels and vault maps discovered:
D:1:      dpeg_arrival_concentric_ovals, layout_basic
D:2:      layout_loops_ring, serial_shops, nicolae_shop_just_a_little_nook
D:3:      layout_loops_ring, basic_ecumenical_altar, uniq_ijyb
D:4:      layout_gridville, dk_rats_in_the_wall
D:5:      layout_loops_cross, minmay_temple_entry_hall,
          kennysheep_big_empty_room, uniq_blork_the_orc, uniq_eustachio
D:6:      layout_basic, grunt_ministairs_15
D:7:      hangedman_cross_stitches, layout_loops_corners, serial_shops, shop,
          shop, nicolae_shop_tiny_glass, shop, gammafunk_ghost_nasty_kobolds
Temple:   mainiacjoe_temple_big_plus

Skill      XL: |  1  2  3  4  5  6  7  8  9 |
---------------+----------------------------+-----
Axes           | 3 4 5 6 7 9 10 | 10.1
Armour         | 4 5 6 7 8 |  8.4
Fighting       | 4 5 7 |  7.2
Dodging        | 1 2 |  2.9
Shields        | 4 5 |  5.2
Stealth        | 1 |  1.3

Action                     |  1- 3 |  4- 6 |  7- 9 || total
---------------------------+-------+-------+-------++-------
  Melee: War axe           |    57 |    86 |    99 ||   242
         Headbutt          |     8 |    13 |    41 ||    62
         Hand axe          |       |       |    65 ||    65
    Use: Potion            |       |     1 |       ||     1
         Scroll            |       |       |     4 ||     4
 Armour: Scale mail        |    21 |    30 |    19 ||    70
         Plate armour      |       |       |    24 ||    24
  Dodge: Dodged            |    24 |    66 |    81 ||   171
  Block: Buckler           |    10 |    23 |    40 ||    73

Table legend: (Time is in decaauts)
 A = Elapsed time spent in this place.
 B = Non-inter-level travel time spent in this place.
 C = Inter-level travel time spent in this place.
 D = Time resting spent in this place.
 E = Time spent auto-exploring this place.
 F = Levels seen in this place.
 G = Mean time per level.
                   A        B        C        D        E       F      G
               +--------+--------+--------+--------+--------+-----+--------+
         Total |   5434 |   5105 |    329 |      0 |   4254 |   8 |  679.2 |
       Dungeon |   5432 |   5103 |    329 |      0 |   4254 |   7 |  776.0 |
        Temple |      1 |      1 |      0 |      0 |      0 |   1 |    1.0 |
               +--------+--------+--------+--------+--------+-----+--------+

Top non-repeatable levels by time:
     D:6: 1026 daAuts
     D:4: 893 daAuts
     D:5: 836 daAuts
     D:3: 821 daAuts
     D:2: 734 daAuts
     D:1: 719 daAuts
     D:7: 399 daAuts
  Temple: 1 daAuts
